 Dungeon Crawl Stone Soup version 0.29-a0-1033-gb6c65ffae6 (webtiles) character file.

Game seed: 7004945723396706690

2794 ytrimaz the Martial Artist (level 9, 0/71 HPs)
             Began as a Demonspawn Transmuter on Aug 14, 2022.
             Slain by a wolf (2 damage)
             ... led by Grum
             ... on level 9 of the Dungeon.
             The game lasted 00:15:50 (8392 turns).

ytrimaz the Martial Artist (Demonspawn Transmuter)  Turns: 8392, Time: 00:15:51

Health: 0/71       AC:  6    Str: 12    XL:     9   Next: 43%
Magic:  12/12      EV: 14    Int: 18    God:
Gold:   309        SH:  0    Dex: 13    Spells: 2/12 levels left

rFire   . . .      SeeInvis .     - Unarmed
rCold   . . .      Faith    .   (no shield)
rNeg    . . .      Spirit   .   a - +0 robe
rPois   .          Reflect  .   (no helmet)
rElec   .          Harm     .   (no cloak)
rCorr   .          Rampage  .   g - +0 pair of gloves
Will    +....                   (no boots)
Stlth   +.........              (no amulet)
HPRegen 0.21/turn               f - ring of willpower
MPRegen 0.13/turn               (no ring)

@: about to teleport
A: hooves 2, yellow scales 2, powered by pain 2, demonic magic 1
a: no special abilities


You were on level 9 of the Dungeon.
You visited 2 branches of the dungeon, and saw 9 of its levels.

You collected 309 gold pieces.

Inventory:

Armour
 a - a +0 robe (worn)
 g - a +0 pair of gloves (worn)
 h - +0 acid dragon scales
Jewellery
 f - a ring of willpower (left hand)
 m - an amulet of magic regeneration
Wands
 i - a wand of polymorph (17)
 q - a wand of iceblast (11)
Scrolls
 c - 4 scrolls of teleportation
 d - 2 scrolls of blinking
 o - 2 scrolls of identify
 p - 2 scrolls of enchant weapon
Potions
 b - a potion of lignification
 e - 2 potions of magic
 j - a potion of haste
 k - 3 potions of brilliance
 l - a potion of cancellation
 n - a potion of flight


   Skills:
 + Level 6.4 Fighting
 + Level 6.5 Dodging
 - Level 9.0 Unarmed Combat
 - Level 2.0 Spellcasting
 - Level 8.0 Transmutations
 + Level 0.7 Ice Magic


You had 2 spell levels left.
You knew the following spells:

 Your Spells              Type           Power      Damage    Failure   Level
a - Beastly Appendage     Tmut           60%        N/A       1%          1
b - Wereblood             Tmut           30%        N/A       1%          2
c - Spider Form           Tmut/Pois      16%        N/A       11%         3
d - Ice Form              Ice/Tmut       17%        N/A       30%         4

Your spell library contained the following spells:

 Spells                   Type           Power      Damage    Failure   Level


Dungeon Overview and Level Annotations

Branches:
Dungeon (7/15)             Temple (1/1) D:5

Altars:
Ashenzari
Cheibriados
Dithmenos
Fedhas
Gozag
Hepliaklqana
Kikubaaqudgha
Makhleb
Okawaru
Qazlal
Ru
Sif Muna
Uskayaw
Vehumet
Wu Jian
Xom
Yredelemnul

Shops:
D:6 [   D:7 (

Annotations:
D:3 2 transporters, FizzleBangTC's ghost, weakling GnFE
D:6 2 runed translucent doors, bchevrier's ghost, novice GnWn
D:7 Joseph
D:9 Grum


Innate Abilities, Weirdness & Mutations

You have hoof-like feet.
You are mostly covered in yellow scales. (AC +3)
You sometimes gain power by taking damage.
Spells you cast may paralyse adjacent enemies.


Message History

The two-headed ogre barely misses you. The two-headed ogre closely misses you.
The yak barely misses you.
Your surroundings suddenly seem different.
A five-headed hydra comes into view.
The five-headed hydra roars!
As you read the scroll of teleportation, it crumbles to dust.
You feel strangely unstable. The five-headed hydra bites you.
The five-headed hydra closely misses you.
The five-headed hydra bites you!
The five-headed hydra bites you but does no damage. x2
The five-headed hydra attacks as you move away!
The five-headed hydra closely misses you.
The five-headed hydra bites you! x2
The five-headed hydra closely misses you. x2
Unknown command.
Your surroundings suddenly seem different.
Grum and 3 wolves come into view.
Grum is wielding a -2 halberd of protection.
Found seven altars.
Grum growls angrily.
The wolf howls! x2
The wolf closely misses you. Grum closely misses you. The wolf bites you.
The wolf howls!
As you read the scroll of teleportation, it crumbles to dust.
You feel strangely unstable. The wolf bites you.
The wolf bites you but does no damage.
Grum hits you from afar with a -2 halberd of protection!
The wolf attacks as you move away! The wolf barely misses you.
The wolf bites you. x2
* * * LOW HITPOINT WARNING * * *
The wolf bites you.
* * * LOW HITPOINT WARNING * * *
The wolf misses you. The wolf bites you!
* * * LOW HITPOINT WARNING * * *
A vampire comes into view.
The wolf attacks as you move away! The wolf bites you.
* * * LOW HITPOINT WARNING * * *
The wolf bites you.
* * * LOW HITPOINT WARNING * * *
The wolf bites you but does no damage. The wolf bites you.
You die...

...# ##._.#
##.V..# #
#.._..# .#
#....# ..#
#._.## .⌠.#
#..g.#....#
#.hh..._..#
##h@._...#
##.....##
#######


You could see Grum, a vampire and 3 wolves.

Vanquished Creatures
  Maggie (D:7)
  Prince Ribbit (D:7)
  Sigmund (D:2)
  A wyvern (D:7)
  A water moccasin (D:7)
  An ice beast (D:7)
  2 sky beasts
  2 black bears
  An ogre (D:5)
  2 kobold brigands
  A bullfrog (D:7)
  3 scorpions
  2 howler monkeys
  An orc priest (D:6)
  3 gnoll boudas
  A jelly (D:6)
  Terence (D:3)
  An iguana (D:7)
  Ijyb (D:5)
  4 orc wizards
  Robin (D:3)
  11 gnolls
  7 adders
  A white imp (D:6)
  An ufetubus (D:6)
  A worm (D:2)
  6 dart slugs
  16 orcs
  4 bats
  10 endoplasms
  4 giant cockroaches
  18 goblins
  5 hobgoblins
  2 quokkas
  4 ball pythons
  2 frilled lizards
  10 kobolds
  7 rats
141 creatures vanquished.

Notes
Turn   | Place    | Note
-------+----------+-------------------------------------------
     0 | D:1      | ytrimaz the Demonspawn Transmuter began the quest for the
                  | Orb.
     0 | D:1      | Reached XP level 1. HP: 15/15 MP: 3/3
   176 | D:1      | Found a faded altar of an unknown god.
   278 | D:1      | Reached skill level 3 in Unarmed Combat
   394 | D:1      | Gained mutation: You sometimes gain a little power by
                  | taking damage. [demonic ancestry]
   394 | D:1      | Reached XP level 2. HP: 21/21 MP: 3/5
  1084 | D:2      | Lost mutation: You have razor-sharp toenails. [demonic
                  | ancestry]
  1084 | D:2      | Lost mutation: You have sharp toenails. [demonic ancestry]
  1084 | D:2      | Gained mutation: You have large cloven feet. [demonic
                  | ancestry]
  1084 | D:2      | Reached XP level 3. HP: 22/26 MP: 4/6
  1194 | D:2      | Learned a level 2 spell: Wereblood
  1198 | D:2      | Learned a level 3 spell: Spider Form
  1618 | D:2      | Noticed Sigmund
  1622 | D:2      | Reached skill level 4 in Unarmed Combat
  1632 | D:2      | Gained mutation: Spells you cast may paralyse adjacent
                  | enemies. [demonic ancestry]
  1632 | D:2      | Reached XP level 4. HP: 29/32 MP: 7/7
  1658 | D:2      | Killed Sigmund
  1659 | D:2      | Reached skill level 5 in Unarmed Combat
  1659 | D:2      | Gained mutation: You are partially covered in yellow
                  | scales. (AC +2) [demonic ancestry]
  1659 | D:2      | Reached XP level 5. HP: 30/37 MP: 6/8
  2468 | D:3      | Gained mutation: You sometimes gain power by taking damage.
                  | [demonic ancestry]
  2468 | D:3      | Reached XP level 6. HP: 43/43 MP: 7/9
  2522 | D:3      | Found a transporter.
  2540 | D:3      | Noticed FizzleBangTC's ghost (weakling GnFE)
  2556 | D:3      | Found a transporter.
  2563 | D:3      | Noticed Robin
  2612 | D:3      | Killed Robin
  3134 | D:3      | Noticed Terence
  3146 | D:3      | Killed Terence
  3608 | D:4      | Reached skill level 5 in Dodging
  3608 | D:4      | Reached skill level 8 in Unarmed Combat
  3608 | D:4      | Gained mutation: You are mostly covered in yellow scales.
                  | (AC +3) [demonic ancestry]
  3608 | D:4      | Reached XP level 7. HP: 56/58 MP: 6/10
  4465 | D:5      | Entered Level 5 of the Dungeon
  4673 | D:5      | Identified the +7 chain mail of Guwnuaza {rPois Will-
                  | rCorr}
  4946 | D:5      | Reached XP level 8. HP: 64/64 MP: 9/11
  5128 | D:5      | Noticed Ijyb
  5182 | D:5      | Killed Ijyb
  5401 | D:5      | Found a staircase to the Ecumenical Temple.
  5699 | Temple   | Entered the Ecumenical Temple
  6381 | D:6      | Found a large runed translucent door.
  6381 | D:6      | Found a large runed translucent door.
  6383 | D:6      | Noticed bchevrier's ghost (novice GnWn)
  6498 | D:6      | Found Heti's Armour Shoppe.
  7085 | D:7      | Noticed Joseph
  7088 | D:7      | Noticed Prince Ribbit
  7349 | D:7      | Reached skill level 9 in Unarmed Combat
  7353 | D:7      | Found Faomuc's Antique Weapon Boutique.
  7362 | D:7      | Learned a level 4 spell: Ice Form
  7530 | D:7      | Killed Prince Ribbit
  7531 | D:7      | Gained mutation: You have hoof-like feet. [demonic
                  | ancestry]
  7531 | D:7      | Reached XP level 9. HP: 21/69 MP: 12/12
  7745 | D:7      | Noticed Maggie
  7763 | D:7      | Killed Maggie
  8317 | D:7      | You fall into a shaft and drop 2 floors!
  8350 | D:9      | Noticed a two-headed ogre
  8381 | D:9      | Noticed a five-headed hydra
  8389 | D:9      | Found a shimmering blue altar of Sif Muna.
  8389 | D:9      | Found a sacrificial altar of Ru.
  8389 | D:9      | Found a broken altar of Ashenzari.
  8389 | D:9      | Found a blossoming altar of Fedhas.
  8389 | D:9      | Found a snail-covered altar of Cheibriados.
  8389 | D:9      | Found a shadowy altar of Dithmenos.
  8389 | D:9      | Noticed Grum
  8392 | D:9      | HP: 2/71 [wolf[Grum] (5)]
  8392 | D:9      | Slain by a wolf

Illustrated notes

Levels and vault maps discovered:
D:1:      dpeg_arrival_simpleton_b, layout_basic,
          chequers_ecumenical_altar_island, serial_park_tiny_pond
D:2:      layout_rooms, chequers_serial_rivers_micro_c, st_stairs_11,
          minmay_hexomino_u4, uniq_sigmund
D:3:      layout_basic, gammafunk_ghost_stat_death, minmay_misc_feat_hallway,
          uniq_terence, uniq_robin
D:4:      layout_loops_corners
D:5:      layout_cave_pods, minmay_temple_entry_statues_pillars,
          nicolae_eternal_life, uniq_ijyb
D:6:      layout_basic, serial_shops, shop, ebering_ghost_disaster_area,
          minmay_misc_feat_nine_boxes, serial_park_tiny_2,
          chequers_serial_rivers_small_a, chequers_mini_garden
D:7:      layout_cave_pools, serial_shops, kennysheep_mini_moat,
          nicolae_elevator_lobby_asterisk, uniq_joseph, uniq_maggie,
          uniq_prince_ribbit1
D:9:      minmay_the_grid_four_pointed_star
          [minmay_the_grid_triangle_9x9_impossible_snake,
          minmay_the_grid_triangle_9x9_semitri,
          minmay_the_grid_triangle_9x9_corrupted_corridor,
          minmay_the_grid_triangle_9x9_swiss_cheese,
          minmay_the_grid_prize_four_corners], layout_long_grid,
          nicolae_overflow_hallway_of_the_gods, kennysheep_decorative_pillar,
          uniq_grum
Temple:   nicolae_temple_bog_church

Skill      XL: |  1  2  3  4  5  6  7  8  9 |
---------------+----------------------------+-----
Unarmed Combat | 3 4 5 8 9 |  9.0
Transmutations | 2 3 6 7 8 |  8.0
Fighting       | 6 |  6.4
Dodging        | 5 6 |  6.5
Spellcasting   | |  2.0
Ice Magic      | |  0.7

Action                   |  1- 3 |  4- 6 |  7- 9 || total
-------------------------+-------+-------+-------++-------
Melee: Unarmed           |    70 |   131 |   210 ||   411
       Headbutt          |    10 |     5 |     4 ||    19
       Kick              |    13 |    18 |    15 ||    46
       Punch             |       |     1 |     1 ||     2
 Cast: Beastly Appendage |    16 |    21 |     7 ||    44
       Spider Form       |     1 |     6 |    21 ||    28
       Wereblood         |       |       |     4 ||     4
       Ice Form          |       |       |     3 ||     3
  Use: Scroll            |     4 |     2 |    10 ||    16
       Potion            |       |     5 |     1 ||     6
 Stab: Sleeping          |     1 |     1 |       ||     2
       Paralysed         |       |     5 |     6 ||    11
Armor: Robe              |    12 |    33 |     7 ||    52
       Skin              |       |    10 |     8 ||    18
Dodge: Dodged            |    47 |    76 |   164 ||   287

Table legend: (Time is in decaauts)
 A = Elapsed time spent in this place.
 B = Non-inter-level travel time spent in this place.
 C = Inter-level travel time spent in this place.
 D = Time resting spent in this place.
 E = Time spent auto-exploring this place.
 F = Levels seen in this place.
 G = Mean time per level.
                   A        B        C        D        E       F      G
               +--------+--------+--------+--------+--------+-----+--------+
         Total |   8331 |   8043 |    288 |    868 |   5838 |   9 |  925.7 |
       Dungeon |   8116 |   7834 |    282 |    868 |   5666 |   8 | 1014.5 |
        Temple |    215 |    209 |      6 |      0 |    172 |   1 |  215.0 |
               +--------+--------+--------+--------+--------+-----+--------+

Top non-repeatable levels by time:
     D:6: 1367 daAuts
     D:5: 1265 daAuts
     D:2: 1174 daAuts
     D:3: 1130 daAuts
     D:1: 1076 daAuts
     D:4: 1043 daAuts
     D:7: 984 daAuts
  Temple: 215 daAuts
     D:9: 73 daAuts
